Map: Oxide LE

Players

Gerald - Winner!

  • Race: Protoss Protoss

Strange

  • Race: Protoss Protoss

Event: DreamHack SC2 Masters 2021 Fall

VOD

Have the link to the VOD?

Description

Time

  • Played on: Aug. 8, 2021, 11:56 a.m.
  • Length: 19:27

All games in this series

Show
View Real Time Build Order
Export as new Build Order

Gerald Protoss - Winner!

Build Orders: Oracle Opening 

Get SALT Encoding   

  12  0:00  Probe  
  13  0:12  Probe  
  14  0:17  Pylon  
  14  0:24  Probe (Chrono Boost)  
  16  0:36  Gateway  
  16  0:37  Probe (Chrono Boost)  
  16  0:42  Probe (Chrono Boost)  
  16  0:45  Assimilator  
  17  0:51  Probe  
  17  0:54  Assimilator  
  18  1:03  Probe (Chrono Boost)  
  19  1:12  Probe (Chrono Boost)  
  19  1:15  Gateway  
  19  1:17  Probe (Chrono Boost)  
  20  1:25  Cybernetics Core  
  21  1:29  Probe  
  22  1:38  Pylon  
  22  1:41  Probe  
  23  1:56  Probe  
  24  2:02  Pylon  
  24  2:03  Stalker  
  24  2:06  Stalker  
  28  2:09  Warp Gate  
  28  2:11  Probe  
  29  2:19  Pylon  
  29  2:25  Probe  
  30  2:31  Stargate  
  34  2:57  Nexus  
  30  3:00  Probe  
  30  3:12  Oracle (Chrono Boost), Probe  
  31  3:19  Shield Battery  
  34  3:24  Probe  
  35  3:28  Pylon  
  35  3:34  Shield Battery  
  35  3:39  Probe  
  36  3:41  Oracle (Chrono Boost)  
  39  3:51  Probe  
  40  3:57  Twilight Council  
  40  4:04  Probe (Chrono Boost)  
  41  4:12  Adept x2, Probe (Chrono Boost)  
  46  4:23  Probe x2 (Chrono Boost)  
  48  4:26  Forge  
  48  4:28  Probe  
  48  4:29  Probe  
  50  4:35  Blink  
  50  4:40  Probe  
  50  4:44  Probe  
  52  4:48  Gateway  
  47  5:01  Protoss Ground Weapons Level 1 (Chrono Boost)  
  47  5:03  Probe x2  
  47  5:06  Stalker x2  
  51  5:07  Assimilator  
  51  5:15  Gateway, Probe  
  51  5:16  Probe  
  53  5:27  Probe  
  54  5:31  Robotics Facility  
  54  5:34  Pylon  
  54  5:36  Gateway  
  54  5:37  Gateway  
  54  5:41  Pylon  
  54  5:51  Nexus  
  54  5:53  Stalker  
  54  5:56  Probe  
  57  6:03  Stalker x2  
  61  6:12  Probe  
  63  6:18  Observer (Chrono Boost)  
  63  6:19  Pylon, Probe  
  63  6:24  Probe  
  65  6:31  Probe  
  65  6:32  Shield Battery  
  66  6:34  Charge (Chrono Boost)  
  66  6:37  Probe  
  66  6:38  Observer (Chrono Boost)  
  68  6:40  Observer  
  68  6:41  Stalker x3  
  68  6:43  Pylon, Probe  
  75  6:49  Probe  
  76  6:55  Probe  
  76  7:01  Probe  
  75  7:04  Pylon, Protoss Ground Weapons Level 2 (Chrono Boost)  
  75  7:05  Observer (Chrono Boost)  
  75  7:08  Probe x2  
  77  7:09  Gateway  
  77  7:10  Gateway  
  77  7:13  Probe  
  77  7:14  Zealot  
  79  7:20  Probe  
  79  7:21  Probe  
  76  7:24  Zealot  
  73  7:37  Probe (Chrono Boost)  
  73  7:39  Probe (Chrono Boost)  
  73  7:42  Probe (Chrono Boost)  
  76  7:47  Templar Archives  
  76  7:49  Probe (Chrono Boost)  
  78  7:54  Photon Cannon  
  78  7:55  Probe (Chrono Boost)  
  78  7:56  Probe (Chrono Boost)  
  78  7:57  Assimilator  
  79  7:59  Probe (Chrono Boost)  
  79  8:00  Probe (Chrono Boost)  
  79  8:01  Assimilator  
  79  8:03  Probe  
  82  8:09  Probe  
  82  8:10  Zealot  
  82  8:11  Zealot x2  
  89  8:17  Assimilator  
  89  8:19  Robotics Bay  
  89  8:20  Robotics Facility  
  89  8:23  Probe  
  89  8:24  Probe  
  91  8:30  Observer  
  91  8:33  Probe  
  92  8:44  Zealot x7, Probe  
  92  8:45  Zealot  
  92  8:48  Probe  
  106  8:52  Probe  
  107  8:56  Probe  
  108  9:07  Disruptor (Chrono Boost)  
  114  9:12  Pylon, Photon Cannon  
  114  9:15  Pylon  
  114  9:19  Templar Archives  
  114  9:21  Disruptor (Chrono Boost)  
  114  9:25  Pylon  
  114  9:30  Disruptor (Chrono Boost)  
  114  9:31  Nexus  
  114  9:38  Protoss Ground Weapons Level 3 (Chrono Boost)  
  120  9:48  Disruptor (Chrono Boost)  
  120  9:50  Photon Cannon  
  120  9:54  Observer, Probe  
  120  9:58  Photon Cannon  
  120  9:59  Shield Battery, Disruptor (Chrono Boost)  
  124  10:00  Photon Cannon  
  124  10:01  Shield Battery  
  124  10:03  Pylon  
  124  10:08  Probe  
  125  10:15  Disruptor (Chrono Boost)  
  128  10:24  High Templar  
  129  10:31  Disruptor (Chrono Boost)  
  129  10:34  Stalker x4  
  140  10:38  Disruptor  
  140  10:44  High Templar, Stalker x2  
  145  10:52  Probe  
  145  10:55  Photon Cannon  
  145  10:57  Observer, Photon Cannon, Shield Battery, Archon  
  134  10:58  Pylon, Probe  
  134  11:00  Assimilator, Probe  
  134  11:01  Probe  
  134  11:02  Assimilator  
  137  11:04  Probe  
  137  11:05  Disruptor, High Templar x2  
  137  11:10  Archon, Probe  
  146  11:12  Stalker x2  
  146  11:14  Probe x2  
  146  11:17  Probe  
  153  11:22  Probe  
  154  11:26  Probe x2  
  140  11:33  Stalker x2  
  140  11:34  Stalker x2  
  140  11:35  Zealot x2  
  140  11:39  Disruptor, Observer  
  149  11:41  Probe  
  149  11:44  Probe  
  149  11:45  Probe  
  151  11:49  Probe  
  151  11:53  Stalker  
  151  11:54  Stalker  
  157  11:56  Observer  
  157  11:58  Stalker x4  
  165  12:05  Dark Shrine  
  163  12:19  Zealot  
  163  12:20  Zealot x3  
  169  12:27  Disruptor  
  169  12:29  Protoss Shields Level 1 (Chrono Boost)  
  172  12:41  Pylon  
  172  12:43  Photon Cannon  
  172  12:45  Pylon, Shield Battery  
  172  12:46  Gateway x2  
  172  12:59  Zealot x4  
  172  13:00  Nexus  
  166  13:10  Zealot  
  166  13:11  Zealot x3  
  166  13:12  Disruptor x2  
  160  13:31  Probe x4  
  162  13:34  Photon Cannon  
  162  13:35  Shield Battery, Photon Cannon  
  162  13:36  Shield Battery  
  162  13:38  Pylon, Stalker  
  162  13:39  Stalker x4  
  172  13:42  Pylon  
  172  13:55  Disruptor  
  172  13:56  Phoenix (Chrono Boost)  
  172  14:01  Dark Templar  
  172  14:02  Dark Templar, Zealot x5  
  185  14:05  Probe  
  184  14:13  Disruptor  
  184  14:14  Phoenix  
  185  14:25  Probe  
  185  14:27  Nexus  
  186  14:31  Photon Cannon  
  186  14:32  Photon Cannon  
  186  14:33  Shield Battery  
  186  14:35  Shield Battery  
  186  14:37  Pylon  
  186  14:38  Stalker  
  186  14:45  Pylon  
  188  14:48  Pylon  
  178  15:01  Pylon  
  178  15:12  Shadow Stride (Chrono Boost)  
  172  15:14  Probe x2  
  170  15:21  Zealot x5  
  159  15:37  Probe  
  159  15:39  Dark Templar x2  
  159  15:40  Probe  
  154  15:43  Gateway  
  154  15:49  Gateway  
  154  15:56  Probe x4  
  158  16:04  Dark Templar x5  
  164  16:08  Probe x2  
  170  16:14  Photon Cannon x2, Probe  
  170  16:17  Photon Cannon  
  170  16:18  Protoss Ground Armor Level 1  
  170  16:24  Photon Cannon  
  170  16:25  Photon Cannon  
  169  16:27  Shield Battery x2  
  169  16:28  Photon Cannon  
  169  16:40  Stalker x5  
  169  16:45  Pylon  
  171  17:04  Stalker x2  
  171  17:05  Stalker x2  
  160  17:13  Stalker  
  160  17:14  Stalker x4  
  165  17:24  Photon Cannon, Probe x2  
  165  17:27  Photon Cannon  
  166  18:04  Pylon x2, Observer  
  167  18:11  Nexus  
  161  18:20  Stalker  
  161  18:21  Stalker x2  
  161  18:22  Stalker x3  
  173  18:32  Observer  
  166  18:44  Stalker x6  
  169  18:53  Pylon  
Show
View Real Time Build Order
Export as new Build Order

Strange Protoss 

Build Orders: Blink Stalkers 

Get SALT Encoding   

  12  0:00  Probe  
  13  0:12  Probe  
  14  0:17  Pylon  
  14  0:24  Probe (Chrono Boost)  
  16  0:37  Gateway, Probe (Chrono Boost)  
  16  0:41  Probe (Chrono Boost)  
  16  0:46  Assimilator  
  17  0:52  Probe (Chrono Boost)  
  17  0:54  Assimilator  
  19  1:04  Probe (Chrono Boost)  
  19  1:08  Gateway  
  19  1:13  Probe (Chrono Boost)  
  20  1:18  Probe  
  20  1:24  Cybernetics Core  
  21  1:30  Probe  
  22  1:36  Pylon  
  22  1:42  Probe  
  23  1:54  Probe  
  23  1:58  Warp Gate (Chrono Boost)  
  23  2:00  Stalker x2  
  28  2:07  Probe  
  29  2:12  Pylon  
  29  2:19  Probe  
  34  2:41  Pylon  
  34  2:46  Nexus  
  30  2:55  Twilight Council  
  30  3:03  Pylon  
  30  3:08  Shield Battery  
  30  3:10  Probe  
  31  3:16  Robotics Facility  
  31  3:22  Probe  
  31  3:24  Shield Battery  
  31  3:26  Blink (Chrono Boost)  
  32  3:34  Probe  
  33  3:42  Stalker  
  33  3:47  Probe  
  36  3:53  Stalker  
  38  3:58  Probe  
  38  4:00  Probe  
  40  4:03  Observer (Chrono Boost)  
  40  4:10  Probe  
  40  4:13  Probe  
  40  4:16  Observer (Chrono Boost)  
  42  4:19  Forge  
  42  4:22  Probe  
  44  4:24  Stalker  
  44  4:25  Probe  
  44  4:30  Stalker  
  49  4:35  Probe  
  49  4:37  Probe  
  51  4:38  Pylon  
  51  4:44  Assimilator  
  51  4:47  Stalker, Probe  
  51  4:52  Protoss Ground Weapons Level 1 (Chrono Boost)  
  52  5:07  Probe  
  52  5:13  Probe  
  53  5:19  Probe, Dark Shrine  
  54  5:23  Assimilator  
  54  5:25  Probe  
  54  5:27  Nexus  
  54  5:30  Observer  
  54  5:31  Probe  
  56  5:37  Pylon, Probe  
  57  5:43  Probe  
  57  5:49  Probe  
  59  5:51  Gateway  
  59  5:54  Pylon  
  59  5:55  Stalker, Probe  
  59  5:56  Sentry  
  64  6:01  Probe  
  64  6:07  Probe  
  65  6:13  Probe  
  65  6:15  Shield Battery  
  65  6:17  Pylon  
  66  6:19  Probe  
  66  6:21  Gateway  
  67  6:26  Probe  
  67  6:31  Probe  
  67  6:32  Dark Templar x2  
  72  6:38  Protoss Ground Weapons Level 2 (Chrono Boost), Probe x2  
  74  6:43  Probe  
  74  6:49  Stalker  
  74  6:50  Probe x2  
  78  6:55  Probe  
  79  7:02  Probe x2  
  79  7:08  Probe  
  82  7:14  Probe  
  82  7:15  Probe  
  84  7:20  Probe  
  84  7:22  Stalker x4  
  93  7:24  Photon Cannon  
  93  7:26  Pylon, Shield Battery, Immortal  
  93  7:40  Gateway  
  93  7:42  Gateway  
  93  7:43  Assimilator  
  93  7:45  Assimilator  
  93  7:46  Shield Battery  
  93  7:47  Photon Cannon  
  93  7:49  Photon Cannon  
  93  7:51  Photon Cannon  
  93  7:55  Probe x3  
  96  8:02  Stalker  
  96  8:03  Resonating Glaives  
  96  8:04  Stalker  
  100  8:07  Probe x3  
  100  8:08  Shield Battery  
  100  8:10  Dark Templar  
  105  8:16  Pylon  
  105  8:19  Probe x2  
  107  8:24  Stalker  
  107  8:26  Pylon  
  109  8:29  Photon Cannon  
  109  8:32  Dark Templar  
  105  8:43  Pylon  
  105  8:45  Pylon  
  101  8:49  Pylon  
  101  8:51  Pylon  
  101  8:55  Pylon  
  101  8:59  Pylon  
  101  9:02  Dark Templar x3, Gateway  
  105  9:03  Dark Templar, Gateway  
  105  9:05  Dark Templar, Protoss Ground Weapons Level 3 (Chrono Boost)  
  105  9:06  Dark Templar  
  105  9:09  Pylon  
  113  9:10  Archon x2  
  113  9:11  Archon  
  113  9:20  Warp Prism  
  115  9:29  Pylon  
  115  9:31  Nexus  
  115  9:33  Shield Battery  
  115  9:39  Nexus  
  115  9:40  Photon Cannon  
  115  9:41  Shield Battery  
  115  9:48  Adept x4  
  115  9:52  Stalker  
  125  9:58  Dark Templar  
  125  9:59  Dark Templar  
  129  10:03  Archon  
  129  10:04  Stalker  
  131  10:07  Pylon  
  131  10:15  Stalker x2  
  131  10:16  Stalker x2  
  131  10:18  Dark Templar  
  141  10:21  Charge  
  141  10:25  Gateway  
  141  10:29  Gateway  
  141  10:33  Dark Templar x2  
  141  10:46  Stalker x4  
  149  11:01  Probe  
  149  11:02  Probe x3  
  153  11:09  Protoss Ground Armor Level 1 (Chrono Boost)  
  153  11:13  Probe  
  153  11:14  Adept x8, Probe  
  131  11:33  Immortal (Chrono Boost)  
  123  11:43  Stalker x10  
  131  12:03  Robotics Bay  
  131  12:04  Robotics Facility  
  126  12:17  Stalker x6  
  126  12:18  Stalker x2  
  134  12:45  Stalker x2  
  134  12:46  Stalker x8  
  134  12:49  Disruptor x2 (Chrono Boost)  
  134  13:16  Stalker x3  
  134  13:17  Stalker x7  
  150  13:21  Disruptor x2 (Chrono Boost)  
  154  13:28  Assimilator x2  
  154  13:30  Protoss Ground Armor Level 2 (Chrono Boost)  
  146  13:39  Zealot  
  146  13:40  Zealot x9  
  166  13:49  Observer  
  166  13:50  Probe  
  166  13:51  Probe  
  163  14:06  Disruptor  
  158  14:15  Zealot x9  
  158  14:16  Zealot  
  166  14:23  Disruptor  
  155  14:38  Dark Templar x6  
  157  14:39  Dark Templar  
  157  14:41  Disruptor  
  157  14:42  Zealot x3  
  162  15:00  Nexus  
  152  15:10  Zealot x6  
  152  15:11  Zealot x3  
  133  15:39  Adept x7  
  139  15:44  Disruptor x2  
  134  15:52  Pylon  
  134  15:56  Dark Templar x3  
  130  16:19  Disruptor (Chrono Boost)  
  130  16:20  Disruptor (Chrono Boost), Shadow Stride (Chrono Boost)  
  132  16:27  Stalker x6  
  132  16:30  Photon Cannon  
  144  16:36  Shield Battery  
  143  16:52  Disruptor x2 (Chrono Boost)  
  132  17:00  Pylon  
  94  17:19  Dark Templar x3  
  94  17:20  Stalker x5  
  94  17:21  Disruptor x2  
  112  17:32  Nexus  
  110  17:44  Dark Templar  
  110  17:45  Dark Templar  
  111  17:57  Observer x2  
  109  18:04  Photon Cannon  
  109  18:07  Photon Cannon  
  109  18:09  Shield Battery  
  107  18:27  Stalker x2  
  107  18:28  Stalker x3  
  117  18:38  Dark Templar x2  
  88  18:45  Disruptor (Chrono Boost)  
  87  18:56  Disruptor (Chrono Boost)  

Tags
 
Add a new tag
Caveats
  • Supply blocks, unpowered buildings, or Contaminate may cause inaccurate times.
  • Supply counts are checked every 10 seconds.